 Dungeon Crawl Stone Soup version 0.17.1-1-g73c8601 (webtiles) character file.

15967 Flanowski the Cleaver (level 12, 0/110 HPs)
             Began as a Minotaur Fighter on Jan 2, 2016.
             Was the Champion of Makhleb.
             Slain by a rust devil (8 damage)
             ... summoned by an orc sorcerer
             ... led by an orc knight
             ... on level 2 of the Orcish Mines.
             The game lasted 00:27:14 (10236 turns).

Flanowski the Cleaver (Minotaur Fighter)           Turns: 10236, Time: 00:27:14

Health: 0/110      AC:  3    Str: 30    XL:     12   Next: 5%
Magic:  11/11      EV:  9    Int:  5    God:    Makhleb [******]
Gold:   365        SH: 13    Dex: 10    Spells: 0 memorised, 11 levels left

rFire  + . .     SeeInvis .     d - +3 broad axe (elec)
rCold  . . .     Clarity  .     y - +0 plate armour
rNeg   . . .     SustAt   .     c - +0 shield
rPois  .         Gourm    .     (helmet restricted)
rElec  .         Spirit   .     j - +0 cloak
rCorr  .         Warding  .     (no gloves)
rMut   .         Stasis   .     B - +1 pair of boots
MR     .....                    M - amulet of faith
Stlth  ..........               w - +4 ring of strength
                                W - ring of protection from fire

@: corroded equipment, invisible, not resistant to hostile enchantments,
extremely unstealthy
A: retaliatory headbutt, horns 2, mutation resistance 1
a: Minor Destruction, Lesser Servant of Makhleb, Major Destruction, Greater
Servant of Makhleb, Renounce Religion


You were on level 2 of the Orcish Mines.
You worshipped Makhleb.
Makhleb was exalted by your worship.
You were not hungry.

You visited 2 branches of the dungeon, and saw 13 of its levels.
You also visited: Sewer.

You collected 1020 gold pieces.
You spent 655 gold pieces at shops.

Inventory:

Hand Weapons
 a - a +0 war axe
 d - a +3 broad axe of electrocution (weapon)
Armour
 c - a +0 shield (worn)
 j - a +0 cloak (worn)
 y - a +0 plate armour (worn)
 B - a +1 pair of boots (worn)
 T - the +1 chain mail of Trog's Anger {*Confuse MR+++ Dex-3 Slay+3}
   (You found it on level 8 of the Dungeon)

   It affects your dexterity (-3).
   It affects your accuracy and damage with ranged weapons and melee attacks
   (+3).
   It affects your resistance to hostile enchantments.
   It may confuse you when you take damage.
Jewellery
 f - an uncursed ring of ice
 w - a +4 ring of strength (right hand)
 M - an amulet of faith (around neck)
 W - a ring of protection from fire (left hand)
Wands
 G - a wand of cold (12)
 H - a wand of fireball (2)
 L - a wand of random effects (12)
 N - a wand of digging (9)
 P - a wand of magic darts (23)
 R - a wand of cold (4)
 X - a wand of disintegration (9)
Scrolls
 i - 4 scrolls of enchant armour
 n - 6 scrolls of remove curse {r}
 p - a scroll of fog
 r - 2 scrolls of teleportation
 E - 2 scrolls of recharging
Potions
 b - 3 potions of agility
 h - a potion of cancellation
 k - 2 potions of invisibility
 o - 2 potions of haste
 q - 7 potions of curing
 s - 2 potions of resistance
 u - 2 potions of ambrosia
 v - a potion of poison
 A - a potion of might
 J - a potion of magic
 K - a potion of mutation {unknown}
 O - 2 potions of lignification {unknown}
 V - a potion of brilliance {unknown}
Books
 t - a book of Hinderance

   Spells                             Type                      Level
   a - Confusing Touch                Hexes                        2
   b - Confuse                        Hexes                        3
   c - Gell's Gravitas                Hexes/Translocation          3
   d - Petrify                        Transmutation/Earth          4
   e - Metabolic Englaciation         Hexes/Ice                    5
 F - a book of Ice

   Spells                             Type                      Level
   a - Ice Form                       Ice/Transmutation            4
   b - Metabolic Englaciation         Hexes/Ice                    5
   c - Ozocubu's Refrigeration        Ice                          6
   d - Bolt of Cold                   Conjuration/Ice              6
   e - Freezing Cloud                 Conjuration/Ice/Air          6
   f - Simulacrum                     Ice/Necromancy               6
 Q - a book of Summonings

   Spells                             Type                      Level
   a - Recall                         Summoning/Translocation      3
   b - Aura of Abjuration             Summoning                    5
   c - Shadow Creatures               Summoning                    5
   d - Summon Demon                   Summoning                    5
   e - Summon Forest                  Summoning/Translocation      5
   f - Summon Mana Viper              Hexes/Summoning              5
Comestibles
 e - 6 bread rations
 g - 3 fruits
 l - 6 chunks of flesh
 m - 7 meat rations
 C - 2 slices of pizza
 D - 8 beef jerkies
 S - 3 royal jellies


   Skills:
 + Level 11.3 Fighting
 + Level 13.1 Axes
 + Level 11.1 Armour
 + Level 4.1 Dodging
 + Level 0.1 Stealth
 + Level 11.9 Shields


You had 11 spell levels left.
You didn't know any spells.

Dungeon Overview and Level Annotations

Branches:
Dungeon (11/15)            Temple (0/1) D:4            Lair (0/8) D:11
    Orc (2/4) D:9

Altars:
Cheibriados
Dithmenos
Makhleb
Nemelex Xobeh
Okawaru
Trog
Xom
Yredelemnul

Shops:
D:4 (?=%!


Innate Abilities, Weirdness & Mutations

You reflexively headbutt those who attack you in melee.
You have a pair of horns on your head.
You are somewhat resistant to further mutation.


Message History

You slash the rust devil!
The rust devil is severely wounded.
The rust devil hits you!
* * * LOW HITPOINT WARNING * * *
The rust devil corrodes you!
You slash the rust devil!
The rust devil is almost dead.
The orc warrior hits you from afar with a trident of protection!
* * * LOW HITPOINT WARNING * * *
You block the rust devil's attack.
You hit the rust devil but do no damage.
You headbutt the rust devil.
The rust devil is almost dead.
You block the orc warrior's attack. The rust devil hits you!
* * * LOW HITPOINT WARNING * * *
The rust devil corrodes you!
Drink which item? (? for menu, Esc to quit)
You fade into invisibility!
You block the orc warrior's attack. The rust devil hits you!
You die...

.#....
########.(.........
......##.## ##(.........
#.#...... #.)......#.#
#....#.#######.)).....##
##.........#............#
#....)..o................
#....)o4o...............
##.####4##..............
#)@)#.........##...
#.}.#.........####.
#...#..###......#..
#####..# ###.......
#.....## #.........
###.### #....#..... ###
#...###....# ##.# ##..#.
## #.....


You could see a rust devil, a sixfirhy, an orc sorcerer, an orc warrior and an
orc.

Vanquished Creatures
  Erolcha (D:9)
  Fannar (D:11)
  Nergalle (D:11)
  An unseen horror (D:11)
  4 hill giants
  An orc knight (Orc:2)
  Maurice (D:11)
  2 ugly things (D:11)
  A gargoyle (D:10)
  3 komodo dragons (D:11)
  3 trolls
  3 two-headed ogres
  A shadow (D:8)
  2 wyverns
  A deep elf mage (D:11)
  A hippogriff (D:9)
  A mottled dragon (D:11)
  2 hungry ghosts
  Edmund (D:5)
  A warg (Orc:2)
  2 insubstantial wisps (D:9)
  A steam dragon (D:9)
  5 orc warriors
  The ghost of Lanilor the Chucker, an amateur OgHu of Dithmenos (D:3)
  A wasp (D:11)
  3 black bears
  7 ogres
  An ice beast (D:8)
  5 sky beasts
  An eye of draining (D:10)
  5 phantoms
  4 centaurs
  3 crocodiles
  8 giant frogs
  A wyvern skeleton (D:8)
  2 scorpions
  A troll zombie (D:9)
  3 crimson imps (D:5)
  2 centaur zombies
  4 orc priests
  3 giant frog zombies
  A centaur skeleton (D:7)
  6 jellies
  15 orc wizards
  4 hounds
  11 worker ants
  9 iguanas
  7 ogre zombies (D:9)
  2 hound zombies
  A hound skeleton (D:8)
  8 gnolls
  3 shadow imps
  13 adders
  4 river rats (Sewer)
  2 oozes
  2 adder skeletons
  A worm (D:3)
  8 giant geckos
  39 orcs
  8 hobgoblins
  20 jackals
  7 kobolds
  2 quokkas (D:2)
  2 ball pythons
  9 bats
  8 giant cockroaches
  A giant gecko zombie (D:5)
  12 giant newts
  11 goblins
  2 goblin zombies (D:9)
  2 hobgoblin skeletons (D:9)
  3 hobgoblin zombies (D:9)
  2 orc skeletons (D:9)
  14 orc zombies (D:9)
  16 rats
350 creatures vanquished.

Notes
Turn   | Place    | Note
--------------------------------------------------------------
     0 | D:1      | Flanowski the Minotaur Fighter began the quest for the Orb.
     0 | D:1      | Reached XP level 1. HP: 19/19 MP: 0/0
   249 | D:1      | Reached XP level 2. HP: 25/27 MP: 1/1
   380 | D:1      | Reached skill level 4 in Shields
   724 | D:1      | Reached XP level 3. HP: 33/33 MP: 2/2
   877 | D:2      | HP: 1/33 [gnoll/spear (4)]
   879 | D:2      | Reached XP level 4. HP: 1/41 MP: 3/3
  1282 | D:2      | Found a basalt altar of Yredelemnul.
  1435 | D:2      | Reached skill level 1 in Dodging
  1692 | D:3      | Reached XP level 5. HP: 32/47 MP: 4/4
  1977 | D:3      | Found a glowing drain.
  1981 | Sewer    | Entered a sewer
  2006 | Sewer    | Reached skill level 5 in Fighting
  2374 | D:3      | Noticed Lanilor's ghost (amateur OgHu)
  2384 | D:3      | Killed Lanilor's ghost
  2384 | D:3      | Reached skill level 5 in Armour
  2384 | D:3      | Reached skill level 5 in Shields
  2384 | D:3      | Reached XP level 6. HP: 43/56 MP: 5/5
  2933 | D:3      | Found a shimmering altar of Xom.
  3096 | D:4      | Found Lunel's Jewellery Shoppe.
  3109 | D:4      | Found Jear Rotu's Food Shoppe.
  3147 | D:4      | Found a burning altar of Makhleb.
  3147 | D:4      | Found a snail-covered altar of Cheibriados.
  3152 | D:4      | Became a worshipper of Makhleb the Destroyer
  3163 | D:4      | Found a sparkling altar of Nemelex Xobeh.
  3293 | D:4      | Found an iron altar of Okawaru.
  3462 | D:4      | Found Mekonirph's Magic Scroll Shoppe.
  3497 | D:4      | Found a staircase to the Ecumenical Temple.
  3694 | D:4      | Reached XP level 7. HP: 51/61 MP: 6/6
  3740 | D:4      | Found Oraf's Weapon Emporium.
  3795 | D:5      | Entered Level 5 of the Dungeon
  3811 | D:5      | Noticed Edmund
  3824 | D:5      | Killed Edmund
  3933 | D:5      | Reached skill level 6 in Shields
  3950 | D:5      | Got a brightly glowing falchion
  3951 | D:5      | Identified the +10 falchion of Focus {drain, rF- rN+++ MP+9 Str-5} (You found it on level 5 of the Dungeon)
  3966 | D:5      | Reached skill level 5 in Axes
  3972 | D:5      | Reached * piety under Makhleb
  4041 | D:5      | Reached XP level 8. HP: 44/70 MP: 7/7
  4044 | D:5      | Reached skill level 7 in Shields
  4867 | D:5      | Reached skill level 8 in Shields
  4899 | D:6      | Reached ** piety under Makhleb
  5365 | D:7      | Reached XP level 9. HP: 76/79 MP: 8/8
  5796 | D:8      | Reached *** piety under Makhleb
  5796 | D:8      | Reached skill level 9 in Shields
  5953 | D:8      | Got a brightly glowing chain mail
  5964 | D:8      | Identified the cursed +1 chain mail of Trog's Anger {*Confuse MR+++ Dex-3 Slay+3} (You found it on level 8 of the Dungeon)
  6108 | D:8      | Found a bloodstained altar of Trog.
  6108 | D:8      | Found a shadowy altar of Dithmenos.
  6341 | D:9      | Reached **** piety under Makhleb
  6357 | D:9      | Reached XP level 10. HP: 88/88 MP: 9/9
  6850 | D:9      | Reached skill level 10 in Shields
  6869 | D:9      | Noticed Erolcha
  6885 | D:9      | Killed Erolcha
  6885 | D:9      | Reached skill level 10 in Axes
  6960 | D:9      | Reached ***** piety under Makhleb
  7031 | D:9      | Found a staircase to the Orcish Mines.
  7107 | D:10     | Entered Level 10 of the Dungeon
  7108 | D:10     | Noticed a hill giant
  7121 | D:10     | Killed a hill giant
  7338 | D:10     | Noticed a hill giant
  7347 | D:10     | Killed a hill giant
  7347 | D:10     | Reached skill level 11 in Axes
  7656 | D:10     | Reached XP level 11. HP: 99/99 MP: 0/10
  7671 | D:10     | Noticed a hill giant
  7682 | D:10     | Killed a hill giant
  7735 | D:10     | Reached skill level 10 in Fighting
  8270 | D:11     | Reached skill level 10 in Armour
  8316 | D:11     | Noticed Fannar
  8472 | D:11     | Killed Fannar
  8472 | D:11     | Reached skill level 12 in Axes
  8668 | D:11     | Noticed Nergalle
  8669 | D:11     | Noticed a spectral orc warlord
  8711 | D:11     | Killed Nergalle
  8892 | D:11     | Killed an unseen horror
  9056 | D:11     | Noticed Maurice
  9065 | D:11     | Killed Maurice
  9180 | D:11     | Found a staircase to the Lair.
  9207 | D:11     | Reached ****** piety under Makhleb
  9321 | D:11     | Noticed a hill giant
  9336 | D:11     | Killed a hill giant
  9336 | D:11     | Reached skill level 13 in Axes
  9647 | D:4      | Bought a +3 broad axe of electrocution for 270 gold pieces
  9702 | D:4      | Found Zaneffat's Distillery.
  9708 | D:4      | Bought a potion of beneficial mutation for 385 gold pieces
  9708 | D:4      | Gained mutation: You are somewhat resistant to further mutation. [potion of beneficial mutation]
  9934 | Orc:1    | Entered Level 1 of the Orcish Mines
 10129 | Orc:2    | Reached XP level 12. HP: 100/110 MP: 11/11
 10236 | Orc:2    | Slain by a rust devil

Action                   |  1- 3 |  4- 6 |  7- 9 | 10-12 || total
-------------------------+-------+-------+-------+-------++-------
Melee: War axe           |    75 |   223 |   268 |   423 ||   989
       Broad axe         |       |       |       |    64 ||    64
  Use: Scroll            |       |     6 |     1 |    15 ||    22
       Potion            |       |       |     2 |     7 ||     9
  Eat: Chunk             |       |     5 |     9 |     7 ||    21
       Bread ration      |       |     1 |       |     3 ||     4
